Map: Submarino EE

Players

MrFercho - Winner!

  • Race: Zerg Zerg
  • League: Silver
  • Spawn Location: 5:00

bronze

  • Race: Zerg Zerg
  • League: Silver
  • Spawn Location: 11:00

VOD

Have the link to the VOD?

Description

Time

  • Played on: June 23, 2020, 5:19 p.m.
  • Length: 15:14
Show
View Real Time Build Order
Export as new Build Order

MrFercho Zerg - Winner!

Build Orders: Hatch First, Lurkers 

Get SALT Encoding   

  12  0:01  Drone  
  13  0:13  Overlord  
  13  0:17  Drone  
  14  0:32  Drone x2  
  16  0:53  Hatchery  
  16  0:55  Drone  
  16  1:09  Spawning Pool  
  15  1:19  Drone x3  
  18  1:29  Drone  
  19  1:41  Drone  
  19  1:46  Extractor  
  19  1:51  Drone  
  20  1:55  Queen  
  22  2:09  Overlord x2  
  22  2:10  Queen  
  22  2:12  Drone  
  25  2:19  Drone  
  26  2:23  Drone  
  26  2:29  Drone  
  28  2:39  Spine Crawler  
  28  2:40  Spine Crawler  
  28  2:41  Zergling x4  
  28  2:52  Zergling x4  
  28  2:56  Drone  
  31  2:59  Drone  
  32  3:08  Lair  
  32  3:28  Roach Warren  
  32  3:32  Evolution Chamber  
  30  3:35  Drone x6  
  30  3:39  Queen  
  38  3:59  Zerg Missile Weapons Level 1  
  38  4:06  Drone x3  
  38  4:07  Drone  
  38  4:08  Glial Reconstitution  
  42  4:12  Drone x2  
  44  4:19  Extractor  
  43  4:25  Overlord  
  43  4:26  Overlord x2  
  43  4:28  Drone  
  44  4:33  Extractor  
  43  4:38  Overseer  
  43  4:43  Drone  
  43  4:44  Drone x3  
  47  4:49  Drone  
  47  4:50  Drone x3  
  47  4:51  Drone  
  52  5:02  Hydralisk Den, Drone x2  
  53  5:32  Overseer  
  53  5:40  Drone x8  
  53  5:41  Drone  
  62  6:10  Drone  
  62  6:11  Hydralisk, Drone x2  
  65  6:12  Hatchery  
  65  6:13  Overlord x3  
  65  6:14  Extractor  
  65  6:16  Extractor  
  65  6:17  Zerg Missile Weapons Level 2  
  64  6:23  Drone x2  
  66  6:30  Roach  
  63  6:50  Drone  
  63  6:51  Drone x5  
  69  7:03  Grooved Spines  
  69  7:14  Drone x6  
  75  7:19  Drone  
  76  7:42  Hydralisk  
  76  7:43  Hydralisk x9  
  96  7:55  Lurker Den  
  95  7:59  Infestation Pit  
  88  8:14  Muscular Augments  
  66  8:31  Drone  
  66  8:32  Drone x17  
  84  8:46  Hive  
  84  8:47  Drone  
  84  8:48  Drone x2  
  87  9:02  Spine Crawler  
  86  9:03  Spine Crawler  
  85  9:10  Spore Crawler  
  84  9:20  Spire  
  83  9:24  Drone  
  83  9:25  Drone x6  
  83  9:31  Zerg Ground Armor Level 1  
  90  9:41  Evolution Chamber  
  89  9:53  Lurker  
  89  9:57  Overlord x6  
  89  9:58  Overlord x4  
  90  10:15  Hydralisk x5  
  90  10:20  Hatchery, Zerg Missile Weapons Level 3  
  99  10:26  Seismic Spines  
  99  10:28  Hydralisk x3  
  99  10:34  Spore Crawler  
  104  10:37  Lurker  
  104  10:38  Lurker  
  106  10:52  Hydralisk  
  106  10:53  Hydralisk x4  
  116  11:00  Extractor  
  116  11:02  Extractor  
  114  11:24  Adaptive Talons  
  114  11:28  Hydralisk  
  114  11:29  Hydralisk x8  
  132  11:36  Hydralisk  
  132  11:37  Hydralisk  
  136  11:49  Drone  
  136  11:50  Drone x8  
  139  12:02  Lurker x3  
  139  12:04  Hydralisk x2  
  139  12:06  Overlord x7  
  146  12:26  Hydralisk x8  
  160  12:36  Hydralisk x3  
  148  12:39  Overlord x3  
  138  12:45  Queen  
  131  13:14  Zerg Flyer Weapons Level 1  
  131  13:15  Hydralisk  
  131  13:16  Hydralisk x11  
  155  13:27  Hatchery  
  155  13:31  Extractor, Hatchery, Drone x3  
  155  13:34  Drone x3  
  152  13:41  Hydralisk x4  
  152  13:43  Pneumatized Carapace  
  152  13:44  Hydralisk x4  
  154  14:10  Hydralisk x9  
  154  14:11  Hydralisk x3  
  154  14:13  Hydralisk  
  154  14:16  Zergling x2  
  182  14:17  Zergling x10  
  184  14:30  Drone  
  184  14:31  Drone x6  
  185  14:41  Hydralisk  
  185  14:42  Hydralisk x6  
Show
View Real Time Build Order
Export as new Build Order

bronze Zerg 

Build Orders: Hatch First 

Get SALT Encoding   

  12  0:04  Drone  
  13  0:09  Drone  
  14  0:21  Overlord  
  14  0:42  Hatchery  
  13  0:46  Drone  
  14  0:53  Extractor  
  14  0:54  Drone  
  14  1:10  Spawning Pool  
  13  1:12  Drone  
  14  1:20  Drone  
  14  1:22  Drone  
  16  1:36  Drone x2  
  18  1:58  Queen x2  
  22  2:03  Metabolic Boost  
  22  2:08  Zergling x2  
  23  2:10  Zergling x2  
  24  2:20  Zergling x4  
  26  2:29  Zergling x4  
  28  3:04  Overlord x2  
  28  3:05  Overlord  
  28  3:28  Baneling Nest  
  28  3:29  Extractor, Drone  
  28  3:30  Drone x3  
  28  3:33  Drone x2  
  32  3:37  Queen  
  32  3:38  Queen  
  36  4:14  Zergling x12  
  36  4:16  Hatchery  
  41  4:23  Lair  
  41  4:40  Drone x5  
  46  4:45  Overlord  
  46  5:07  Drone x2  
  46  5:08  Drone x6  
  54  5:36  Baneling x5  
  53  5:54  Centrifical Hooks  
  53  6:06  Infestation Pit  
  53  6:08  Hydralisk Den  
  42  6:44  Drone  
  42  6:45  Drone x8  
  51  6:48  Hydralisk  
  51  6:49  Hydralisk x2  
  57  6:59  Extractor  
  56  7:01  Extractor  
  55  7:13  Extractor x2  
  53  7:25  Zergling x22  
  53  7:26  Zergling x4, Evolution Chamber  
  53  7:29  Evolution Chamber  
  64  7:32  Hatchery  
  53  8:35  Overseer  
  53  8:39  Overlord x2  
  53  8:42  Zerg Ground Armor Level 1  
  53  8:44  Zerg Missile Weapons Level 1  
  53  8:45  Hydralisk x3  
  53  8:46  Hydralisk x3  
  65  9:08  Zergling x2  
  65  9:09  Zergling x8  
  70  9:11  Hydralisk  
  70  9:12  Hydralisk x2  
  72  9:45  Drone x3  
  69  9:46  Drone x10  
  81  9:54  Queen  
  81  9:55  Queen  
  85  10:06  Drone x3  
  88  10:09  Overlord x4  
  88  10:10  Overlord  
  89  10:28  Zergling x2  
  89  10:29  Zergling x18  
  89  10:35  Grooved Spines  
  98  10:38  Zerg Ground Armor Level 2  
  98  10:39  Zerg Missile Weapons Level 2  
  98  10:50  Lurker Den  
  97  10:59  Pneumatized Carapace  
  97  11:31  Drone x11  
  108  11:46  Muscular Augments  
  108  11:47  Hive  
  99  11:59  Zergling x6  
  99  12:00  Zergling x28  
  112  12:20  Baneling  
  112  12:21  Baneling x3  
  75  12:48  Overseer  
  72  12:59  Adaptive Talons  
  72  13:04  Hydralisk  
  72  13:05  Hydralisk x12  
  74  13:06  Hydralisk x6, Ultralisk Cavern  
  83  13:56  Seismic Spines  
  83  14:05  Ultralisk x3  
  83  14:06  Ultralisk  
  83  14:09  Zergling x2  
  108  14:11  Hatchery  
  108  14:12  Overlord x3  
  108  14:13  Overlord  
  108  14:15  Overseer  
  80  14:34  Zergling x14  
  80  14:35  Zergling x6  
Tags
 
Composition
Lurkers
Matchup
ZvZ
Race
Zerg
Replay Pack
MrFercho
Spawn Locations
Cross Positions
Add a new tag
Caveats
  • Supply blocks, unpowered buildings, or Contaminate may cause inaccurate times.
  • Supply counts are checked every 10 seconds.